Map: Ice and Chrome LE

Players

LiquidClem (Clem)

  • Race: Terran Terran
  • Spawn Location: 7:00

INnoVation - Winner!

  • Race: Terran Terran
  • Spawn Location: 1:00

Event: StayAtHomestory Cup #2

VOD

Have the link to the VOD?

Description

Time

  • Played on: June 13, 2020, 2:26 p.m.
  • Length: 10:13

All games in this series

Show
View Real Time Build Order
Export as new Build Order

LiquidClem Terran 

Build Orders: Gas First Reaper Expand 

Get SALT Encoding   

  12  0:00  SCV  
  13  0:12  SCV  
  14  0:17  Supply Depot  
  14  0:25  SCV  
  15  0:29  Refinery  
  15  0:38  SCV  
  16  0:44  Barracks  
  16  0:50  SCV  
  17  1:02  SCV  
  18  1:15  SCV  
  19  1:32  Reaper, Orbital Command  
  20  1:44  Command Center  
  20  1:56  Factory  
  20  2:00  SCV  
  21  2:08  Barracks Reactor  
  21  2:11  Supply Depot  
  21  2:14  SCV  
  22  2:20  Refinery  
  22  2:26  SCV  
  22  2:38  SCV  
  22  2:42  Hellion  
  23  2:44  Marine x2  
  23  2:50  Starport  
  25  2:51  SCV  
  25  3:02  Marine x2  
  25  3:04  SCV  
  26  3:08  Hellion  
  28  3:17  SCV  
  29  3:22  Marine x2  
  31  3:29  Supply Depot  
  31  3:43  SCV, Hellion, Medivac  
  36  3:49  Orbital Command  
  36  3:52  Marine  
  36  3:55  SCV  
  38  3:56  Marine  
  39  4:05  Factory Tech Lab  
  39  4:07  SCV  
  40  4:12  Supply Depot  
  40  4:14  Starport Tech Lab  
  40  4:15  SCV  
  40  4:16  Marine  
  42  4:19  SCV  
  42  4:20  Marine  
  44  4:26  Cyclone  
  44  4:28  SCV  
  48  4:33  Banshee  
  51  4:39  Marine x2  
  51  4:42  SCV x2  
  55  4:47  Supply Depot  
  55  4:54  SCV x2  
  55  4:57  Marine  
  55  4:58  Siege Tank  
  61  5:06  SCV, Supply Depot  
  62  5:08  Refinery  
  62  5:09  SCV  
  63  5:18  Barracks  
  63  5:19  Barracks  
  63  5:20  Marine x2  
  65  5:22  SCV  
  65  5:25  SCV  
  65  5:27  Starport Reactor  
  67  5:32  Supply Depot  
  67  5:38  Marine x2  
  67  5:41  SCV  
  67  5:42  Engineering Bay  
  70  5:44  SCV  
  66  5:53  SCV  
  66  5:56  SCV, Marine x2  
  68  6:05  SCV, Siege Tank  
  72  6:12  Neosteel Armor  
  72  6:15  SCV  
  72  6:16  Marine x3  
  72  6:17  Starport Reactor  
  72  6:18  SCV  
  77  6:20  Marine x2  
  79  6:26  Stimpack  
  79  6:27  SCV  
  79  6:28  Refinery  
  79  6:30  SCV  
  81  6:34  Marine x2  
  81  6:38  Marine x2, Supply Depot  
  81  6:39  SCV  
  86  6:43  Marine  
  86  6:44  SCV  
  86  6:45  Supply Depot  
  88  6:51  Marine  
  88  6:54  SCV  
  86  6:59  Marine x2  
  86  7:00  Medivac  
  86  7:01  Marine x2, Medivac  
  88  7:03  SCV  
  89  7:10  Supply Depot  
  89  7:11  Siege Tank  
  89  7:12  Marine  
  93  7:17  Marine  
  94  7:27  Command Center  
  94  7:28  Marine  
  89  7:33  Medivac  
  89  7:35  Marine x2  
  87  7:37  Marine x2  
  89  7:46  Marine  
  89  7:47  Siege Tank  
  93  7:52  Supply Depot  
  93  7:53  Marine x2  
  93  7:55  Marine  
  93  7:58  Marine  
  97  8:04  Marine, Supply Depot  
  97  8:06  Combat Shield  
  97  8:11  Marine x2, Medivac  
  101  8:14  Marine  
  101  8:17  Marine  
  101  8:19  SCV  
  83  8:22  Siege Tank  
  83  8:25  Marine  
Show
View Real Time Build Order
Export as new Build Order

INnoVation Terran - Winner!

Build Orders: Reaper Expand 

Get SALT Encoding   

  12  0:00  SCV  
  13  0:13  SCV  
  14  0:17  Supply Depot  
  14  0:25  SCV  
  15  0:38  SCV  
  15  0:40  Barracks  
  16  0:43  Refinery  
  16  0:50  SCV  
  17  1:03  SCV  
  18  1:15  SCV  
  19  1:27  Reaper, Orbital Command  
  20  1:42  Command Center  
  20  1:53  SCV  
  21  1:55  Supply Depot  
  21  1:59  Reaper  
  22  2:03  Refinery  
  22  2:05  SCV  
  23  2:18  SCV  
  23  2:21  Factory  
  24  2:30  SCV  
  24  2:35  Reaper  
  25  2:42  SCV  
  26  2:54  SCV  
  26  3:06  SCV, Hellion  
  26  3:07  Starport  
  26  3:08  Barracks Reactor  
  29  3:18  SCV  
  30  3:21  Orbital Command  
  30  3:28  Hellion  
  30  3:30  SCV  
  30  3:31  Refinery  
  33  3:42  SCV  
  33  3:45  Marine x2, Viking  
  33  3:47  SCV  
  39  3:52  Hellion, Supply Depot  
  39  3:54  SCV  
  42  3:59  SCV  
  43  4:03  Marine x2  
  43  4:06  SCV  
  43  4:08  Supply Depot  
  46  4:13  SCV  
  46  4:15  Starport Tech Lab, Factory Tech Lab  
  47  4:18  SCV  
  47  4:20  Marine, Supply Depot  
  47  4:21  Marine  
  50  4:26  SCV  
  50  4:31  SCV  
  52  4:34  Raven  
  52  4:35  Siege Tank  
  57  4:38  Marine x2  
  57  4:39  Supply Depot  
  57  4:41  SCV  
  57  4:43  SCV  
  61  4:53  SCV  
  61  4:55  SCV, Command Center  
  61  4:58  Marine x2  
  65  5:03  Supply Depot  
  65  5:06  SCV  
  66  5:07  SCV  
  66  5:08  Siege Tank  
  70  5:18  SCV  
  70  5:19  SCV  
  72  5:23  Barracks, Starport Reactor  
  72  5:24  Barracks  
  72  5:27  Marine, Stimpack  
  73  5:31  SCV x2  
  73  5:33  Supply Depot  
  75  5:37  Refinery  
  75  5:40  Engineering Bay  
  75  5:43  Engineering Bay  
  75  5:45  SCV x2  
  74  5:50  Marine  
  78  5:57  SCV x2, Siege Tank  
  79  6:09  SCV x2  
  79  6:10  Orbital Command  
  80  6:13  Terran Infantry Armor Level 1, Terran Infantry Weapons Level 1  
  80  6:14  Marine  
  80  6:15  Marine x2  
  82  6:19  Starport Reactor  
  82  6:21  SCV  
  82  6:22  SCV  
  84  6:25  Marine x2  
  84  6:29  Siege Tank  
  89  6:33  Marine  
  89  6:34  Marine, Supply Depot  
  89  6:35  Supply Depot  
  89  6:37  SCV, Orbital Command  
  92  6:48  Marine x3  
  92  6:50  SCV x2  
  92  6:51  Marine  
  92  6:52  Marine  
  99  7:01  Medivac  
  98  7:03  Medivac  
  98  7:04  SCV  
  98  7:06  Barracks, Combat Shield  
  98  7:07  Barracks  
  101  7:08  SCV  
  101  7:09  SCV  
  101  7:12  Marine x4  
  107  7:16  SCV  
  108  7:25  Siege Tank  
  108  7:29  SCV x3  
  108  7:30  Marine x5  
  108  7:36  Medivac x2  
  117  7:41  SCV x3  
  117  7:42  Supply Depot x2  
  120  7:49  Armory  
  120  7:50  Marine x2  
  120  7:51  Marine x3  
  124  7:58  Barracks Reactor x2  
  125  8:03  SCV x2, Siege Tank  
  125  8:04  SCV  
  131  8:11  Marine x5  
  132  8:20  Medivac x2  
  132  8:28  Marine  
  132  8:29  Marine x4  
Tags
 
Add a new tag
Caveats
  • Supply blocks, unpowered buildings, or Contaminate may cause inaccurate times.
  • Supply counts are checked every 10 seconds.